 Dungeon Crawl Stone Soup version 0.29.1-15-g9cfb28693d (webtiles) character file.

Game seed: 11836105343002965813

13110 CatalinOSBI the Geomancer (level 12, -4/66 HPs)
             Began as a Gargoyle Earth Elementalist on Apr 12, 2023.
             Was an Elder of Vehumet.
             Slain by a very large slime creature (49 damage)
             ... on level 12 of the Dungeon.
             The game lasted 01:06:52 (13448 turns).

CatalinOSBI the Geomancer (GrEE)                   Turns: 13448, Time: 01:06:52

Health: -4/66      AC: 20    Str: 12    XL:     12   Next: 2%
Magic:  2/21       EV: 15    Int: 21    God:    Vehumet [****..]
Gold:   561        SH:  0    Dex:  8    Spells: 8/23 levels left

rFire   + . .      SeeInvis .   E - +4 flail
rCold   . . .      Faith    .   (no shield)
rNeg    + . .      Spirit   .   H - +1 robe {rF+}
rPois   ∞          Reflect  .   l - +1 helmet
rElec   +          Harm     .   y - +0 cloak
rCorr   +          Rampage  .   x - +2 pair of gloves
Will    .....                   p - +2 pair of boots
Stlth   ++++......              z - amulet of magic regeneration
HPRegen 0.21/turn               j - +4 ring of evasion
MPRegen 0.57/turn               I - ring of resist corrosion

@: no status effects
A: sickness immunity, AC +8, negative energy resistance 1, electricity
resistance, torment resistance 1, petrification resistance, clumsy 1
a: Renounce Religion


You were on level 12 of the Dungeon.
You worshipped Vehumet.
Vehumet was greatly pleased with you.
You visited 3 branches of the dungeon, and saw 15 of its levels.

You collected 561 gold pieces.

Inventory:

Hand Weapons
 E - a +4 flail (weapon)
Armour
 a - an orb of light
 l - a +1 helmet (worn)
 p - a +2 pair of boots (worn)
 x - a +2 pair of gloves (worn)
 y - a +0 cloak (worn)
 D - the +3 hat of Pondering {ponderous, Will+ MP+10 Int+5}
   (You took it off Gastronok on level 9 of the Dungeon)

   Int:       It affects your intelligence (+5).
   MP:        It affects your magic capacity (+10).
   Will:      It increases your willpower.
 H - a +1 robe of fire resistance (worn)
Jewellery
 g - a ring of fire
 j - a +4 ring of evasion (left hand)
 s - a ring of see invisible
 z - an amulet of magic regeneration (around neck)
 F - an amulet of the acrobat
 I - a ring of resist corrosion (right hand)
 K - a ring of fire
Wands
 i - a wand of roots (7)
 o - a wand of polymorph (1)
 r - a wand of charming (11)
 t - a wand of acid (5)
Scrolls
 c - a scroll of vulnerability {unknown}
 d - 3 scrolls of enchant weapon {unknown}
 h - 5 scrolls of poison
 k - 2 scrolls of teleportation
 n - 3 scrolls of silence
 q - a scroll of torment {unknown}
 u - a scroll of fear
 v - 3 scrolls of magic mapping
 w - a scroll of blinking
 G - a scroll of enchant armour
 J - 2 scrolls of identify
Potions
 b - 3 potions of magic
 e - 7 potions of might
 f - a potion of flight
 m - 6 potions of curing
 A - a potion of heal wounds
 B - a potion of haste
 C - 4 potions of brilliance


   Skills:
 - Level 4.0 Fighting
 + Level 8.7 Maces & Flails
 - Level 1.5 Dodging
 + Level 9.6 Stealth
 * Level 6.2 Spellcasting
 + Level 7.9 Conjurations
 - Level 4.0 Hexes
 - Level 0.7 Transmutations
 + Level 11.4 Earth Magic
 + Level 3.1 Poison Magic


You had 8 spell levels left.
You knew the following spells:

 Your Spells              Type           Power      Damage    Failure   Level
a - Sandblast             Erth           100%       2d20      1%          1
b - Poisonous Vapours     Pois/Air       26%        N/A       2%          2
c - Stone Arrow           Conj/Erth      94%        3d12      1%          3
d - Olgreb's Toxic Radia  Pois           19%        N/A       7%          4
e - Lee's Rapid Deconstr  Erth           26%        3d15*     1%          5

Your spell library contained the following spells:

 Spells                   Type           Power      Damage    Failure   Level
 Fireball                 Conj/Fire      11%        3d7       13%         5
 Passwall                 Tmut/Erth      26%        N/A       1%          2
 Static Discharge         Conj/Air       23%        3-6/arc   1%          2
 Fulminant Prism          Conj/Hex       15%        3d11      2%          4
 Iskenderun's Battlesphe  Conj           40%        2d9       2%          5
 Leda's Liquefaction      Hex/Erth       19%        N/A       4%          4
 Tukima's Dance           Hex            23%        N/A       5%          3
 Iskenderun's Mystic Bla  Conj/Tloc      23%        2d6       5%          4
 Iron Shot                Conj/Erth      23%        9d5       7%          6
 Petrify                  Tmut/Erth      32%        N/A       8%          4
 Necrotise                Necr           24%        1d5       10%         1
 Portal Projectile        Hex/Tloc       28%        N/A       13%         3
 Lightning Bolt           Conj/Air       11%        1d24      13%         5
 Yara's Violent Unravell  Hex/Tmut       8%         3d5       24%         5
 Call Canine Familiar     Summ           6%         N/A       28%         3
 Vampiric Draining        Necr           6%         2d6       28%         3
 Passage of Golubria      Tloc           6%         N/A       67%         4
 Summon Lightning Spire   Summ/Air       6%         N/A       67%         4
 Metabolic Englaciation   Hex/Ice        7%         N/A       75%         5
 Agony                    Necr           6%         N/A       95%         5
 Spellforged Servitor     Conj/Summ      11%        N/A       97%         7
 Storm Form               Tmut/Air       4%         N/A       100%        7
 Maxwell's Capacitive Co  Air            3%         ∞         100%        8
 Statue Form              Tmut/Erth      Unusable   N/A       N/A         6

Dungeon Overview and Level Annotations

Branches:
Dungeon (13/15)            Temple (1/1) D:4            Lair (1/5) D:11
    Orc (0/2) D:11
 Vaults: D:13-14

Altars:
Ashenzari
Cheibriados
Dithmenos
Elyvilon
Fedhas
Gozag
Hepliaklqana
Kikubaaqudgha
Makhleb
Nemelex Xobeh
Okawaru
Qazlal
Ru
Sif Muna
Trog
Uskayaw
Vehumet
Wu Jian
Xom
Yredelemnul
Zin
The Shining One

Shops:
D:3 *

Portals:
Trove: D:10 (give +3 shadow dragon scales)

Annotations:
D:3 3 runed translucent doors, Alturiack's ghost, amateur SpVM; Eitelfritz's ghost, amateur HOFi
D:4 exclusion: 2 Menkaures


Innate Abilities, Weirdness & Mutations

You are immune to sickness and miasma.
Your stone body is resilient. (AC +8)
You are immune to poison.
You resist negative energy. (rN+)
You are resistant to electric shocks. (rElec)
You are resistant to unholy torment.
You are immune to petrification.
You are clumsy. (Dex -2)


Message History

The slime creature is heavily wounded.
Two slime creatures merge to form a large slime creature.
You sock the large slime creature!
The large slime creature is moderately wounded.
Aiming: Stone Arrow (safe; 1% risk of failure)
Press: ? - help, Q - select action, (/) - cycle Shift-Dir - straight line, f/p - large slime creature
Aim: a large slime creature (moderately wounded, 95% to hit)
The stone arrow hits the large slime creature!
The large slime creature is heavily wounded.
Two slime creatures merge to form a very large slime creature.
Aiming: Stone Arrow (safe; 1% risk of failure)
Press: ? - help, Q - select action, (/) - cycle Shift-Dir - straight line, f/p - very large slime creature
Aim: a very large slime creature (moderately wounded, 95% to hit)
The stone arrow hits the very large slime creature!!
The very large slime creature is heavily wounded.
The very large slime creature barely misses you.
Aiming: Stone Arrow (safe; 1% risk of failure)
Press: ? - help, Q - select action, (/) - cycle Shift-Dir - straight line, f/p - very large slime creature
Aim: a very large slime creature (heavily wounded, 95% to hit)
The stone arrow hits the very large slime creature!
The very large slime creature is heavily wounded.
The very large slime creature hits you but does no damage.
Aiming: Stone Arrow (safe; 1% risk of failure)
Press: ? - help, Q - select action, (/) - cycle Shift-Dir - straight line, f/p - very large slime creature
Aim: a very large slime creature (heavily wounded, 95% to hit)
The stone arrow hits the very large slime creature!
The very large slime creature is heavily wounded.
The very large slime creature hits you.
Aiming: Stone Arrow (safe; 1% risk of failure)
Press: ? - help, Q - select action, (/) - cycle Shift-Dir - straight line, f/p - very large slime creature
Aim: a very large slime creature (heavily wounded, 95% to hit)
The stone arrow hits the very large slime creature!!
The very large slime creature is severely wounded.
The very large slime creature hits you!!
You don't have enough magic to cast this spell.
You completely miss the very large slime creature.
The very large slime creature is severely wounded.
The very large slime creature hits you!!!
Ouch! That really hurt!
You die...

#.... #.#..
##.#.## ...$.#
....# ... #
#J# .# #@# ..#
##.###.#
##<.....#
##.....###
##.......##
..##.......^.#
.............#
.###.........#
............##


You could see a very large slime creature.

Vanquished Creatures
  Gastronok (D:9)
  3 two-headed ogres
  Joseph (D:7)
  A kobold demonologist (D:10)
  A troll (D:10)
  Grinder (D:4)
  A slime creature (D:12)
  Sigmund (D:6)
  2 shadows
  A vampire (D:10)
  2 wraiths (D:10)
  2 basilisks (D:11)
  2 wyverns
  11 yaks
  A steam dragon (D:6)
  Menkaure (D:4)
  3 wargs (D:11)
  4 acid dragons
  Duvessa (D:7)
  A water moccasin (D:5)
  4 ice beasts
  2 black bears
  5 orc warriors
  3 ogres
  2 centaurs
  14 kobold brigands
  Blork the orc (D:4)
  2 bullfrogs (D:9)
  2 gnoll sergeants
  5 scorpions
  5 wights (D:9)
  Dowan (D:7)
  6 killer bees
  2 howler monkeys
  A jelly (D:8)
  3 hounds
  11 orc priests
  5 iguanas
  9 orc wizards
  Natasha (thrice) (D:4)
  8 gnolls
  11 adders
  2 shadow imps
  An ufetubus (D:5)
  A worm (D:3)
  4 dart slugs
  48 orcs
  6 bats
  9 endoplasms
  2 giant cockroaches
  5 goblins
  11 hobgoblins
  8 jackals
  22 kobolds
  6 quokkas
  8 ball pythons
  A frilled lizard (D:2)
  8 rats
288 creatures vanquished.

Vanquished Creatures (others)
  6 withered plants (D:3)
6 creatures vanquished.

Grand Total: 294 creatures vanquished

Notes
Turn   | Place    | Note
-------+----------+-------------------------------------------
     0 | D:1      | CatalinOSBI the Gargoyle Earth Elementalist began the quest
                  | for the Orb.
     0 | D:1      | Reached XP level 1. HP: 10/10 MP: 3/3
   274 | D:1      | Reached XP level 2. HP: 7/16 MP: 0/5
   497 | D:1      | Reached skill level 4 in Earth Magic
   837 | D:1      | Reached skill level 1 in Fighting
   839 | D:1      | Reached XP level 3. HP: 20/20 MP: 1/6
  1264 | D:2      | Reached skill level 1 in Maces & Flails
  1418 | D:2      | Reached XP level 4. HP: 25/25 MP: 2/7
  2282 | D:2      | Gained mutation: You are clumsy. (Dex -2) [potion of
                  | mutation]
  2395 | D:3      | Reached skill level 5 in Earth Magic
  2417 | D:3      | Found a runed translucent gate.
  2418 | D:3      | Found a runed translucent gate.
  2419 | D:3      | Found a runed translucent gate.
  2420 | D:3      | Noticed Eitelfritz's ghost (amateur HOFi)
  2421 | D:3      | Noticed Alturiack's ghost (amateur SpVM)
  2506 | D:3      | Reached XP level 5. HP: 30/30 MP: 7/9
  3417 | D:3      | Found Opicwu's General Store.
  3620 | D:4      | Noticed an ogre
  3622 | D:4      | Killed an ogre
  3623 | D:4      | Reached skill level 6 in Earth Magic
  3623 | D:4      | Reached XP level 6. HP: 36/36 MP: 7/10
  3729 | D:4      | Noticed Menkaure
  3966 | D:4      | Killed Menkaure
  3967 | D:4      | Reached skill level 1 in Conjurations
  3967 | D:4      | Reached XP level 7. HP: 41/41 MP: 6/12
  4145 | D:4      | Noticed Natasha
  4145 | D:4      | Noticed Grinder
  4162 | D:4      | Killed Natasha
  4165 | D:4      | Killed Grinder
  4166 | D:4      | Reached skill level 7 in Earth Magic
  4425 | D:4      | Noticed Natasha
  4430 | D:4      | Killed Natasha
  4448 | D:4      | Noticed Blork the orc
  4463 | D:4      | Killed Blork the orc
  4464 | D:4      | Reached XP level 8. HP: 18/48 MP: 8/13
  4526 | D:4      | Noticed Natasha
  4657 | D:4      | Found a staircase to the Ecumenical Temple.
  4675 | D:4      | Killed Natasha
  4706 | Temple   | Entered the Ecumenical Temple
  5002 | Temple   | Became a worshipper of Vehumet
  5233 | D:5      | Entered Level 5 of the Dungeon
  5606 | D:5      | Reached skill level 8 in Earth Magic
  6209 | D:6      | Noticed Sigmund
  6211 | D:6      | Killed Sigmund
  6212 | D:6      | Reached skill level 9 in Earth Magic
  6212 | D:6      | Reached XP level 9. HP: 52/52 MP: 12/15
  6309 | D:6      | Reached * piety under Vehumet
  6309 | D:6      | Offered knowledge of Shock by Vehumet.
  6520 | D:6      | Reached skill level 5 in Maces & Flails
  6944 | D:6      | Reached skill level 10 in Earth Magic
  7290 | D:7      | Noticed Joseph
  7294 | D:7      | Killed Joseph
  7295 | D:7      | Reached skill level 5 in Stealth
  7295 | D:7      | Reached skill level 5 in Conjurations
  7470 | D:7      | Offered knowledge of Poisonous Vapours by Vehumet.
  7476 | D:7      | Learned a level 2 spell: Poisonous Vapours
  7480 | D:7      | Learned a level 3 spell: Stone Arrow
  7485 | D:7      | Reached ** piety under Vehumet
  7777 | D:7      | Noticed Dowan
  7786 | D:7      | Noticed Duvessa
  7946 | D:7      | Killed Duvessa
  7947 | D:7      | Reached XP level 10. HP: 51/56 MP: 16/16
  7948 | D:7      | Killed Dowan
  8799 | D:8      | Offered knowledge of Inner Flame by Vehumet.
  9321 | D:8      | Reached *** piety under Vehumet
  9701 | D:9      | Noticed Gastronok
  9731 | D:9      | Killed Gastronok
  9732 | D:9      | Reached skill level 1 in Hexes
 10288 | D:9      | Noticed a two-headed ogre
 10306 | D:9      | Killed a two-headed ogre
 10411 | D:9      | Found a sparkling altar of Nemelex Xobeh.
 10411 | D:9      | Found a bloodstained altar of Trog.
 10421 | D:9      | Reached XP level 11. HP: 61/61 MP: 18/18
 10554 | D:9      | Found a burning altar of Makhleb.
 10554 | D:9      | Noticed a cacodemon
 10698 | D:9      | Reached skill level 5 in Spellcasting
 10708 | D:9      | Offered knowledge of Olgreb's Toxic Radiance by Vehumet.
 10749 | D:9      | Learned a level 4 spell: Olgreb's Toxic Radiance
 11035 | D:10     | Entered Level 10 of the Dungeon
 11071 | D:10     | Found an opulent altar of Gozag.
 11071 | D:10     | Found a shimmering altar of Xom.
 11079 | D:10     | Found a faded altar of an unknown god.
 11081 | D:10     | Found a broken altar of Ashenzari.
 11083 | D:10     | Found a hide-covered altar of Uskayaw.
 11472 | D:10     | Noticed a two-headed ogre
 11478 | D:10     | Killed a two-headed ogre
 11479 | D:10     | Reached skill level 1 in Poison Magic
 11503 | D:10     | Found a portal to a secret trove of treasure.
 11552 | D:10     | Reached **** piety under Vehumet
 11613 | D:10     | Found a glowing golden altar of the Shining One.
 11777 | D:10     | Offered knowledge of Fireball by Vehumet.
 11799 | D:10     | Noticed a sixfirhy
 11800 | D:10     | Reached skill level 11 in Earth Magic
 12348 | D:8      | Learned a level 5 spell: Lee's Rapid Deconstruction
 12410 | D:11     | Found a staircase to the Orcish Mines.
 12537 | D:11     | Found a staircase to the Lair.
 12640 | D:11     | Noticed a two-headed ogre
 12688 | Lair:1   | Entered Level 1 of the Lair of Beasts
 12930 | D:11     | Killed a two-headed ogre
 13145 | D:11     | You fall into a shaft and drop 2 floors!
 13268 | D:13     | Noticed a boulder beetle
 13337 | D:12     | Reached XP level 12. HP: 51/66 MP: 3/21
 13448 | D:12     | Slain by a very large slime creature

Illustrated notes

Levels and vault maps discovered:
D:1:      scummos_arrival_simple_fountains, layout_basic
D:2:      layout_loops_ring
D:3:      layout_loops_ring, gammafunk_ghost_cemetery, serial_shops,
          nicolae_shop_trees
D:4:      layout_cave_pools, minmay_temple_entry_glass, grunt_ministairs_11,
          uniq_natasha, uniq_blork_the_orc, uniq_menkaure, uniq_grinder
D:5:      layout_basic
D:6:      layout_cave_pools, uniq_sigmund
D:7:      layout_loops_ring, minmay_misc_feat_rows, uniq_joseph, uniq_duvessa
D:8:      layout_loops_ring
D:9:      layout_loops_ring, makhleb_altar_promises_db,
          nicolae_overflow_two_pavilions, uniq_gastronok
D:10:     layout_basic, chequers_temple_overflow_minitemple, tso_metal_star,
          special_room [special_room_kobold], nicolae_trove_entry_crossroad,
          minmay_misc_feat_tower, minmay_diced_spiral
D:11:     layout_big_octagon, david_lair_generic, minmay_orc_entry_guard_dogs
D:12:     layout_loops_ring, hangedman_glass_teeth, lemuel_blue_sif_altar
D:13:     minmay_the_grid_triangle_9x9_rhombus_thin
          [minmay_the_grid_triangle_9x9_limited_checkers,
          minmay_the_grid_triangle_9x9_prize_special,
          minmay_the_grid_triangle_9x9_longest,
          minmay_the_grid_triangle_9x9_semitri], layout_loops_ring
Temple:   minmay_temple_curvy_branch
Lair:1:   layout_chaotic_city, beast_lair_carwin_3

Skill      XL: |  1  2  3  4  5  6  7  8  9 10 11 |
---------------+----------------------------------+-----
Earth Magic    | 4 5 6 7 9 10 11 | 11.4
Fighting       | 1 2 3 4 |  4.0
Maces & Flails | 1 2 3 4 6 7 8 |  8.7
Spellcasting   | 3 4 6 |  6.2
Conjurations   | 1 2 4 6 7 |  7.9
Stealth        | 3 6 8 9 |  9.6
Hexes          | 2 4 |  4.0
Poison Magic   | 3 |  3.1
Dodging        | |  1.5
Transmutations | |  0.7

Action                   |  1- 3 |  4- 6 |  7- 9 | 10-12 || total
-------------------------+-------+-------+-------+-------++-------
Melee: Unarmed           |     9 |       |     2 |       ||    11
       Short sword       |    15 |       |       |       ||    15
       Club              |       |     8 |       |       ||     8
       Flail             |       |       |     5 |    93 ||    98
 Cast: Sandblast         |    46 |    81 |   171 |   131 ||   429
       Stone Arrow       |       |       |       |   114 ||   114
       Poisonous Vapours |       |       |       |     5 ||     5
       Lee's Rapid Decon |       |       |       |     1 ||     1
Evoke: Wand              |       |     1 |       |     3 ||     4
  Use: Scroll            |       |     9 |     7 |     6 ||    22
       Potion            |       |     3 |       |     1 ||     4
 Stab: Sleeping          |       |     3 |     1 |       ||     4
Armor: Robe              |    12 |     7 |    40 |    73 ||   132
Dodge: Dodged            |    28 |    22 |    80 |   129 ||   259
